 Dungeon Crawl Stone Soup version 0.31-a0-728-g01b46875f1 (webtiles) character file.

Game seed: 17685045321374716551

41 Dirtsage the Ruffian (level 3, 0/27 HPs)
             Began as a Demonspawn Shapeshifter on Sept 11, 2023.
             Killed from afar by Ijyb (5 damage)
             ... with a puff of flame
             ... on level 3 of the Dungeon.
             The game lasted 00:03:27 (1364 turns).

Dirtsage the Ruffian (Demonspawn Shapeshifter)      Turns: 1364, Time: 00:03:28

Health: 0/27       AC:  8    Str: 16    XL:     3   Next: 32%
Magic:  3/3        EV: 14    Int: 11    God:
Gold:   123        SH:  0    Dex: 12    Spells: 2/2 levels left

rFire   . .          .
                       - Unarmed
rCold   . . .        (no shield)
rNeg    + . .        f - +0 chain mail
rPois   .            (helmet currently unavailable)
rElec   .            (cloak currently unavailable)
rCorr   .            (gloves currently unavailable)
SInv    .            (boots currently unavailable)
Will    .....        j - amulet of magic regeneration Stlth
                     N - ring of positive energy
HPRegen 0.24/turn    q - +5 ring of evasion
MPRegen 0.48/turn

%: no passive effects
@: beast-form
A: beast (slay +1), antennae 1, repulsion field 1
a: Begin Untransformation


You were on level 3 of the Dungeon.
You were a hulking beast.
You visited 1 branch of the dungeon, and saw 3 of its levels.

You collected 123 gold pieces.

Inventory:

Armour
 a - a +0 animal skin
 f - a +0 chain mail (worn)
Magical Staves
 n - a staff of poison
Jewellery
 j - an amulet of magic regeneration (around neck)
 q - a +5 ring of evasion (right hand)
 N - a ring of positive energy (left hand)
Talismans
 c - a beast talisman (active)
 d - a flux talisman
Scrolls
 e - a scroll of fog {unknown}
 g - 2 scrolls of vulnerability
 i - 2 scrolls of identify
 o - a scroll of teleportation {unknown}
Potions
 b - a potion of lignification
 h - a potion of might {unknown}
 k - a potion of curing {unknown}
 l - a potion of brilliance {unknown}
 m - a potion of enlightenment {unknown}
 p - a potion of resistance {unknown}


   Skills:
 + Level 2.1 Fighting
 - Level 1.7 Dodging
 - Level 3.1 Unarmed Combat
 + Level 3.1 Shapeshifting


You had 2 spell levels left.
You didn't know any spells.
Your spell library contained the following spells:

 Spells                   Type           Power      Damage    Failure   Level
 Cigotuvi's Dreadful Rot  Necr/Pois/Air  0%         N/A       100%        2
 Ignite Poison            Fire/Tmut/Pois 0%         N/A       100%        3
 Freezing Cloud           Conj/Ice/Air   0%         6-21      100%        5


Dungeon Overview and Level Annotations

Branches:
Dungeon (3/15)

Altars:

Shops:
D:1 =

Annotations:
D:3 Ijyb


Innate Abilities, Weirdness & Mutations

You are a hulking beast.
Your limbs bulge with bestial killing power. (Slay +1)
You have a pair of small antennae on your head.
You are surrounded by a mild repulsion field. (EV +2)


Message History

Search for what [Enter for "axe", or ? for help]? weapon You now have 94 gold pieces (gained 11).
You now have 106 gold pieces (gained 12).
You enter the shallow water.
Moving in this stuff is going to be slow.
You now have 123 gold pieces (gained 17).
A frilled lizard comes into view.
The frilled lizard hisses angrily.
Found a stone staircase leading up.
You hit the frilled lizard.
The frilled lizard is heavily wounded.
The frilled lizard bites you but does no damage.
You hit the frilled lizard.
You kill the frilled lizard!
No target in view!
No target in view!
Ijyb the Twisted Goblin comes into view.
She is wielding a +0 club and carrying a wand of flame.
Ijyb shouts!
You hear a shout!
An orc comes into view. It is wielding a +0 flail.
The orc shouts!
An orc wizard comes into view. It is wielding a +0 dagger.
The orc moves out of view.
An orc comes into view. It is wielding a +0 short sword.
The orc shouts!
The orc wizard shouts!
An orc comes into view. It is wielding a +0 club.
Ijyb grins evilly.
Ijyb zaps a wand.
The puff of flame hits you!
You take 11 damage, and have 16/27 hp.
MASSIVE DAMAGE!!
Ijyb zaps a wand.
The puff of flame hits you!
* * * LOW HITPOINT WARNING * * *
You take 10 damage, and have 8/27 hp.
MASSIVE DAMAGE!!
Ijyb hits you with a +0 club.
* * * LOW HITPOINT WARNING * * *
You take 3 damage, and have 5/27 hp.
As you read the scroll labelled ENYFAE DAUGESI, it crumbles to dust.
It is a scroll of identify.
g - 2 scrolls of vulnerability;
i - 2 scrolls of identify;
l - a clear potion An orc comes into view.
It is wielding a +3 dagger.
Ijyb zaps a wand.
The puff of flame hits you.
You die...

#..#..#o.#............##.#
.###...###o# #..........#
#..#....o#..#
##.##...#####
##.....#....# #.#..#......
##.#.###g#.# #.#....#....
#... #..o# #........#.#
#.## ###o# ####.##.#....
#.#######g###.........#.#
#.......h..##.......#....
#########..##.......####.
#...........#####
##.##........<...
#..........#####
####.......#####
####......... ##########


You could see Ijyb and 3 orcs.

Vanquished Creatures
  A dart slug (D:1)
  3 ball pythons
  5 bats (D:1)
  2 endoplasms
  A giant cockroach (D:2)
  7 goblins
  2 hobgoblins
  4 jackals
  3 kobolds
  A quokka (D:1)
  3 frilled lizards
  A rat (D:1)
33 creatures vanquished.

Notes
Turn   | Place    | Note
-------+----------+-------------------------------------------
     0 | D:1      | Dirtsage the Demonspawn Shapeshifter began the quest for
                  | the Orb.
     0 | D:1      | Reached XP level 1. HP: 15/15 MP: 1/1
    49 | D:1      | Found Vulunn's Jewellery Emporium.
   154 | D:1      | Gained mutation: You have a pair of small antennae on your
                  | head. [demonic ancestry]
   154 | D:1      | Reached XP level 2. HP: 21/21 MP: 2/2
   551 | D:2      | Gained mutation: You are surrounded by a mild repulsion
                  | field. (EV +2) [demonic ancestry]
   551 | D:2      | Reached XP level 3. HP: 26/27 MP: 3/3
   808 | D:2      | Found a faded altar of an unknown god.
  1350 | D:3      | Noticed Ijyb
  1364 | D:3      | Killed from afar by Ijyb

Illustrated notes

Levels and vault maps discovered:
D:1:      lemuel_arrival_funnel, layout_basic, serial_shops, shop
D:2:      layout_rooms, ebering_ecumenical_altar_petrified
D:3:      layout_loops_ring, serial_glass, glass_columns_a, glass_columns_a,
          minmay_strange_pillars, minmay_strange_pillars, serial_bayou_lagoon_b,
          uniq_ijyb

Skill      XL: |  1  2 |
---------------+-------+-----
Unarmed Combat | 3 |  3.1
Shapeshifting  | 3 |  3.1
Fighting       | 2 |  2.1
Dodging        | |  1.7

Action                     || total
---------------------------++-------
  Melee: Unarmed           ||    76
         Punch             ||     2
    Use: Scroll            ||     1
 Armour: Animal skin       ||     9
         Chain mail        ||    54
  Dodge: Dodged            ||    36

Table legend: (Time is in decaauts)
 A = Elapsed time spent in this place.
 B = Non-inter-level travel time spent in this place.
 C = Inter-level travel time spent in this place.
 D = Time resting spent in this place.
 E = Time spent auto-exploring this place.
 F = Levels seen in this place.
 G = Mean time per level.
                   A        B        C        D        E       F      G
               +--------+--------+--------+--------+--------+-----+--------+
         Total |   1372 |   1342 |     30 |      0 |   1127 |   3 |  457.3 |
       Dungeon |   1372 |   1342 |     30 |      0 |   1127 |   3 |  457.3 |
               +--------+--------+--------+--------+--------+-----+--------+

Top non-repeatable levels by time:
     D:1: 537 daAuts
     D:2: 520 daAuts
     D:3: 315 daAuts
